Map: Odyssey LE

Players

Bonkarooni

  • Race: Protoss Protoss
  • Spawn Location: 11:00

ZenedoR - Winner!

  • Race: Zerg Zerg
  • Spawn Location: 5:00

Event: WCS Montreal 2017

VOD

Have the link to the VOD?

Description

Time

  • Played on: Sept. 8, 2017, 12:27 p.m.
  • Length: 10:17

All games in this series

Show
View Real Time Build Order
Export as new Build Order

Bonkarooni Protoss 

Build Orders: Nexus First 

Get SALT Encoding   

  12  0:00  Probe (Chrono Boost)  
  13  0:11  Probe (Chrono Boost)  
  14  0:21  Pylon  
  14  0:22  Probe (Chrono Boost)  
  15  0:40  Probe (Chrono Boost)  
  16  0:50  Probe (Chrono Boost)  
  17  1:00  Nexus  
  18  1:12  Forge  
  18  1:14  Probe (Chrono Boost)  
  18  1:25  Probe (Chrono Boost)  
  19  1:28  Pylon  
  19  1:40  Probe (Chrono Boost)  
  19  1:46  Photon Cannon  
  20  1:48  Gateway  
  20  1:49  Pylon  
  20  1:58  Pylon  
  20  2:03  Pylon  
  19  2:09  Photon Cannon  
  19  2:11  Probe (Chrono Boost)  
  19  2:13  Probe (Chrono Boost)  
  21  2:23  Pylon  
  21  2:24  Probe (Chrono Boost)  
  21  2:25  Probe (Chrono Boost)  
  21  2:29  Assimilator  
  23  2:35  Probe (Chrono Boost), Assimilator  
  23  2:36  Probe (Chrono Boost)  
  25  2:45  Probe (Chrono Boost)  
  25  2:46  Probe (Chrono Boost)  
  25  2:50  Cybernetics Core  
  27  2:56  Probe (Chrono Boost)  
  27  2:57  Probe (Chrono Boost)  
  29  3:01  Pylon  
  29  3:06  Probe (Chrono Boost), Zealot  
  29  3:08  Probe (Chrono Boost)  
  33  3:17  Probe (Chrono Boost)  
  33  3:19  Probe (Chrono Boost)  
  35  3:28  Probe (Chrono Boost)  
  35  3:30  Mothership Core (Chrono Boost)  
  35  3:33  Zealot  
  40  3:38  Probe (Chrono Boost)  
  41  3:48  Probe (Chrono Boost), Stargate, Assimilator  
  40  3:49  Probe (Chrono Boost)  
  40  3:51  Assimilator  
  41  3:58  Probe (Chrono Boost)  
  41  3:59  Probe (Chrono Boost)  
  41  4:00  Zealot  
  43  4:09  Probe (Chrono Boost)  
  45  4:10  Probe (Chrono Boost)  
  45  4:17  Photon Cannon  
  45  4:20  Probe x2 (Chrono Boost)  
  47  4:30  Probe (Chrono Boost)  
  47  4:31  Probe (Chrono Boost)  
  49  4:37  Void Ray (Chrono Boost)  
  53  4:39  Probe  
  53  4:44  Probe  
  55  4:59  Pylon  
  55  5:00  Pylon x2  
  55  5:06  Fleet Beacon  
  55  5:08  Nexus  
  55  5:16  Probe, Assimilator  
  55  5:17  Probe  
  55  5:19  Assimilator  
  57  5:26  Probe  
  58  5:29  Probe  
  58  5:33  Photon Cannon  
  59  5:37  Probe  
  59  5:41  Probe  
  57  5:47  Probe  
  64  5:50  Carrier (Chrono Boost)  
  64  5:52  Pylon  
  64  5:54  Probe  
  65  5:58  Probe  
  65  6:03  Pylon  
  72  6:06  Probe  
  72  6:08  Probe  
  74  6:18  Probe  
  75  6:22  Probe x2  
  75  6:25  Pylon  
  77  6:30  Probe  
  78  6:34  Stargate  
  78  6:35  Probe  
  78  6:36  Stargate  
  78  6:39  Probe, Pylon  
  79  6:43  Pylon  
  79  6:44  Photon Cannon  
  79  6:45  Pylon  
  78  6:47  Probe  
  78  6:51  Probe  
  79  6:56  Probe  
  79  7:04  Twilight Council  
  79  7:05  Probe, Gateway  
  76  7:10  Zealot  
  76  7:15  Photon Cannon  
  78  7:18  Photon Cannon  
  84  7:23  Carrier (Chrono Boost)  
  84  7:31  Carrier (Chrono Boost)  
  84  7:33  Probe  
  91  7:37  Probe  
  91  7:38  Photon Cannon  
  91  7:40  Gateway  
  91  7:41  Gateway  
  91  7:42  Probe  
  92  7:45  Probe  
  92  7:49  Probe  
  93  8:04  Probe  
  100  8:16  Gateway  
  100  8:18  Gateway  
  100  8:21  Gateway  
  98  8:27  Carrier (Chrono Boost)  
  98  8:29  Probe x2  
  95  8:45  Adept x2, Pylon  
  95  8:47  Pylon  
  99  8:53  Probe  
  92  8:57  Probe (Chrono Boost)  
  92  9:01  Mothership Core (Chrono Boost)  
  95  9:07  Probe (Chrono Boost)  
  95  9:10  Adept x3  
  100  9:20  Cybernetics Core  
  100  9:23  Probe (Chrono Boost)  
  98  9:25  Probe x2 (Chrono Boost)  
  98  9:29  Zealot x2  
  110  9:37  Zealot  
  104  9:42  Zealot  
Show
View Real Time Build Order
Export as new Build Order

ZenedoR Zerg - Winner!

Build Orders: Pool First 

Get SALT Encoding   

  12  0:18  Spawning Pool  
  11  0:21  Drone  
  11  0:26  Drone  
  13  0:31  Drone  
  14  0:39  Overlord  
  14  1:05  Zergling x6  
  17  1:17  Hatchery, Zergling x2  
  17  1:27  Zergling x2  
  18  1:40  Zergling x2  
  18  1:43  Queen  
  21  1:52  Overlord  
  21  2:01  Drone  
  22  2:14  Drone  
  23  2:19  Queen  
  23  2:26  Extractor  
  21  2:32  Drone x3  
  21  2:33  Queen  
  27  2:44  Drone x2  
  28  2:55  Drone x4  
  32  3:03  Drone, Evolution Chamber  
  32  3:09  Drone x2  
  34  3:13  Drone  
  35  3:20  Overlord  
  35  3:43  Hatchery  
  35  3:47  Drone  
  34  3:48  Drone  
  34  3:49  Drone  
  34  3:55  Drone x2  
  38  3:57  Drone  
  39  4:07  Drone  
  40  4:10  Drone  
  40  4:11  Drone x3  
  40  4:14  Extractor  
  43  4:17  Overlord  
  43  4:25  Lair  
  42  4:32  Drone x2  
  42  4:35  Extractor, Drone x2  
  44  4:51  Extractor, Drone x3  
  44  4:52  Metabolic Boost  
  46  4:53  Drone x3  
  46  4:54  Drone  
  46  4:55  Drone  
  46  4:57  Spore Crawler x2  
  46  4:59  Drone  
  50  5:03  Zergling x6  
  53  5:09  Queen  
  53  5:11  Overlord  
  53  5:12  Zerg Missile Weapons Level 1  
  55  5:17  Spore Crawler  
  55  5:18  Drone  
  55  5:19  Drone  
  56  5:26  Hydralisk Den  
  54  5:32  Zergling x8  
  54  5:33  Zergling x2  
  58  5:42  Overlord x3  
  58  5:52  Overlord  
  58  5:53  Overlord x2  
  58  5:55  Muscular Augments  
  58  6:06  Drone  
  58  6:07  Drone x7  
  58  6:08  Drone  
  66  6:25  Hydralisk x4  
  66  6:26  Hydralisk x2  
  66  6:30  Overlord  
  66  6:31  Overlord  
  78  6:39  Overseer  
  77  6:40  Overseer  
  77  6:41  Pneumatized Carapace  
  77  6:48  Hydralisk x6  
  77  6:53  Hydralisk x2  
  89  7:01  Drone x2  
  93  7:02  Drone x2  
  93  7:05  Hydralisk x3  
  101  7:13  Zerg Missile Weapons Level 2  
  101  7:19  Extractor  
  101  7:20  Drone  
  101  7:21  Drone x2  
  101  7:22  Drone x3  
  106  7:25  Overlord  
  106  7:36  Hatchery  
  104  7:37  Overlord x2  
  102  7:53  Hydralisk  
  102  7:54  Hydralisk x4  
  112  8:04  Hydralisk x6  
  124  8:13  Drone x6  
  124  8:15  Overlord x4  
  112  8:27  Hydralisk  
  112  8:28  Hydralisk x4  
  116  8:44  Hydralisk x6  
  116  8:48  Extractor  
  127  8:55  Extractor  
  122  9:02  Hydralisk x5  
  118  9:06  Hydralisk  
  130  9:13  Hydralisk x2  
  130  9:15  Zergling x2  
  130  9:16  Zergling x22  
  142  9:19  Drone  
  142  9:20  Queen  
  144  9:28  Hydralisk  
  144  9:29  Hydralisk x2  
  140  9:38  Hydralisk x5  
  144  9:48  Hydralisk x4  
  144  9:51  Zergling x2  
  144  9:52  Zergling x4  
  153  9:57  Drone  
  153  9:58  Drone x6  
Tags
 
Add a new tag
Caveats
  • Supply blocks, unpowered buildings, or Contaminate may cause inaccurate times.
  • Supply counts are checked every 10 seconds.